 Dungeon Crawl Stone Soup version 0.30.1-3-gfc49f6343a (webtiles) character file.

Game seed: 13130322155084855875

16 H0rd4k the Charlatan (level 2, -3/21 HPs)
             Began as a Human Artificer on July 21, 2023.
             Slain by Sigmund
             ... wielding a +2 scythe of protection
              (12 damage)
             ... on level 2 of the Dungeon.
             The game lasted 00:00:39 (181 turns).

H0rd4k the Charlatan (Human Artificer)               Turns: 181, Time: 00:00:40

Health: -3/21      AC:  3    Str: 12    XL:     2   Next: 70%
Magic:  2/2        EV: 11    Int: 11    God:
Gold:   14         SH:  0    Dex: 13    Spells: 1/1 levels left

rFire   . . .        a - +0 club
rCold   . . .        (no shield)
rNeg    . . .        b - +0 leather armour
rPois   .            (no helmet)
rElec   .            (no cloak)
rCorr   .            (no gloves)
SInv    .            (no boots)
Will    .....        (no amulet)
Stlth   +            (no ring)
HPRegen 0.23/turn    (no ring)
MPRegen 0.08/turn

%: no passive effects
@: no status effects
A: no striking features
a: no special abilities


You were on level 2 of the Dungeon.
You visited 1 branch of the dungeon, and saw 2 of its levels.

You collected 14 gold pieces.

Inventory:

Hand Weapons
 a - a +0 club (weapon)
Armour
 b - a +0 leather armour (worn)
Jewellery
 h - an amulet of magic regeneration
Wands
 c - a wand of flame (9) (quivered)
 d - a wand of charming (14)
 e - a wand of iceblast (2)
Scrolls
 f - a scroll of fear {unknown}
Potions
 g - a potion of haste {unknown}


   Skills:
 + Level 1.1 Fighting
 - Level 2.0 Armour
 + Level 1.0 Dodging
 + Level 1.0 Stealth
 + Level 3.8 Evocations


You had one spell level left.
You didn't know any spells.
Your spell library was empty.

Dungeon Overview and Level Annotations

Branches:
Dungeon (2/15)

Altars:

Shops:
D:2 :

Annotations:
D:2 Sigmund


Message History

The mass of ice explodes!
The iceblast engulfs Sigmund!
Sigmund partially resists.
Sigmund is heavily wounded.
Sigmund casts a spell.
Sigmund flickers and vanishes!
Deactivating autopickup; reactivate with Ctrl-A.
A worm comes into view.
Aiming: Iceblast
Press: ? - help, Shift-Dir - straight line The mass of ice explodes!
The iceblast engulfs the worm!!
You kill the worm!
The iceblast engulfs something!
You hear an angry hiss.
Unknown command.
Unknown command.
You hear some strange, mumbled words.
Something tries to affect you, but you resist.
Aiming: Charm
Press: ? - help, Shift-Dir - straight line You detect the charmed Sigmund.
Reactivating autopickup.
A ball python comes into view.
Unknown command.
Aiming: Iceblast
Press: ? - help, Shift-Dir - straight line The mass of ice explodes!
The iceblast engulfs the ball python.
You kill the ball python!
Unknown command.
You swap places.
Really attack your ally Sigmund?
You hit Sigmund but do no damage.
Sigmund is no longer charmed.
You can no longer detect Sigmund.
Something hits you!
Ouch! That really hurt!
Deactivating autopickup; reactivate with Ctrl-A.
Unknown command.
Aiming: Throw Flame
Press: ? - help, Shift-Dir - straight line The puff of flame hits something.
Something hits you!
Ouch! That really hurt!
You die...

.##.......####........
#.#...<.##........#.
##.......##....#...##
#
#........##.(###.....
#.#..#.#........
#.##.#
#...##.?........
......
................
#####.#
#..###........#. .
#..@#.....#
#...#....#†# ......#
..###..# #..#.. ..# ..
#.##.. .## #. ... ..
... ## .#.


There were no monsters in sight!

Vanquished Creatures
  3 worms (D:2)
  A ball python (D:2)
  A giant cockroach (D:1)
  A goblin (D:1)
  A bat (D:1)
  A rat (D:1)
8 creatures vanquished.

Notes
Turn   | Place    | Note
-------+----------+-------------------------------------------
     0 | D:1      | H0rd4k the Human Artificer began the quest for the Orb.
     0 | D:1      | Reached XP level 1. HP: 15/15 MP: 1/1
    66 | D:1      | You fall into a shaft and drop 1 floor!
    81 | D:2      | Reached XP level 2. HP: 10/21 MP: 2/2
   167 | D:2      | Found Imom's Book Shoppe.
   172 | D:2      | Noticed Sigmund
   181 | D:2      | Slain by Sigmund

Illustrated notes

Levels and vault maps discovered:
D:1:      roderic_crop_circles_arrival_small, layout_rooms, serial_rivers,
          chequers_serial_rivers_room_a, chequers_serial_rivers_room_b,
          chequers_serial_rivers_small_b, chequers_serial_rivers_micro_d
D:2:      layout_rooms, serial_shops, shop, uniq_sigmund

Action                     || total
---------------------------++-------
  Melee: Club              ||    12
         Punch             ||     1
  Evoke: Wand              ||    10
 Armour: Leather armour    ||     6
  Dodge: Dodged            ||     6
